 Dungeon Crawl Stone Soup version 0.14-a0-932-g154aeca (webtiles) character file.

11168 PolkaDot the Conjurer (level 11, -3/68 HPs)
             Began as a Vampire Conjurer on Nov 18, 2013.
             Was a High Priest of Vehumet.
             Slain by a yak (11 damage)
             ... while paralysed by a giant eyeball
             ... on Level 12 of the Dungeon on Nov 19, 2013.
             The game lasted 01:23:55 (13394 turns).

PolkaDot the Conjurer (Vampire Conjurer)           Turns: 13394, Time: 01:23:55

HP  -3/68        AC 15     Str  7      XL: 11   Next: 38%
MP  12/23        EV  2     Int 20      God: Vehumet [*****.]
Gold 577         SH  0     Dex 18      Spells:  6 memorised,  2 levels left

Res.Fire  : . . .   See Invis. : +   x - +1,+2 sabre (protect)
Res.Cold  : + + .   Warding    : .   N - +1 elf robe {rC+}
Life Prot.: + + .   Conserve   : .   (no shield)
Res.Poison: +       Res.Corr.  : .   n - +2 wizard hat
Res.Elec. : .       Clarity    : .   D - +0 cloak
Sust.Abil.: . .     Spirit.Shd : .   p - +1 pair of gauntlets
Res.Mut.  : .       Stasis     : .   B - +1 pair of boots {Fly}
Res.Rott. : +       Flight     : +   (no amulet)
Saprovore : . . .                    (no ring)
                                     v - +4 ring of dexterity

@: paralysed, regenerating slowly, flying, somewhat resistant to hostile
enchantments, quite stealthy
A: bottle blood, fangs 3, see invisible, unbreathing
a: Bat Form, Bottle Blood, Renounce Religion, Stop Flying


You were on level 12 of the Dungeon.
You worshipped Vehumet.
Vehumet was extremely pleased with you.
You were very thirsty.

You visited 2 branches of the dungeon, and saw 13 of its levels.

You collected 610 gold pieces.
You spent 33 gold pieces at shops.

Inventory:

Hand weapons
 x - a +1,+2 sabre of protection (weapon)
Armour
 n - a +2 wizard hat (worn)
 p - a +1 pair of gauntlets (worn)
 B - a +1 pair of boots of flying (worn)
 D - a +0 cloak (worn)
 N - a +1 elven robe of cold resistance (worn)
Magical devices
 e - a wand of magic darts (8)
 g - a wand of confusion (10)
 i - a wand of fire (11)
 t - a wand of magic darts (5)
 u - a wand of lightning (9) {unknown}
 w - a wand of flame (10)
 C - a wand of paralysis (2)
 E - a wand of flame (12)
 F - a wand of digging (7)
 H - a wand of frost (6)
 I - a wand of polymorph (13)
 O - a wand of enslavement (13)
 S - a wand of confusion (8)
Scrolls
 b - 5 scrolls of remove curse
 f - 7 scrolls of teleportation
 h - 5 scrolls of fear
 j - a scroll of blinking
 l - a scroll of recharging {unknown}
 m - a scroll of enchant weapon I
 o - a scroll of enchant weapon II
 q - 3 scrolls of amnesia
 y - 3 scrolls of enchant armour
 z - 2 scrolls of immolation
 G - a scroll of fog {unknown}
 J - a scroll of curse weapon
Jewellery
 v - a +4 ring of dexterity (left hand)
 L - an uncursed amulet of inaccuracy {unknown}
 M - an uncursed ring of ice
 T - the cursed ring of Idaulati {Int-3 Acc+4 Curse, unknown}
   (You found it on level 11 of the Dungeon)

   [ring of intelligence]

   It affects your intelligence (-3).
   It affects your accuracy (+4).
   It may recurse itself.
   It has a curse placed upon it.
 U - an uncursed amulet of conservation {unknown}
Potions
 a - a potion of flight
 d - 8 potions of curing
 r - a potion of berserk rage
 s - a potion of invisibility
 A - 2 potions of restore abilities
 K - a potion of brilliance
 P - 2 potions of paralysis
 Q - 2 potions of might {unknown}
 R - a potion of heal wounds
Books
 c - a book of Conjurations

   Spells                             Type                      Level
   *Magic Dart                        Conjuration                  1
   *Searing Ray                       Conjuration                  2
   Dazzling Spray                     Conjuration/Hexes            3
   *Iskenderun's Mystic Blast         Conjuration                  4
   *Iskenderun's Battlesphere         Conjuration/Charms           4
   Fulminant Prism                    Conjuration/Hexes            5


   Skills:
 - Level 2.1 Dodging
 - Level 3.0 Stealth
 - Level 4.8 Spellcasting
 + Level 10.4 Conjurations
 - Level 10.1 Charms
 * Level 6.6 Air Magic


You had 2 spell levels left.
You knew the following spells:

 Your Spells              Type           Power        Failure   Level  Hunger
a - Magic Dart            Conj           ####         1%          1    None
d - Mephitic Cloud        Conj/Pois/Air  ####....     1%          3    ###....
f - Iskenderun's Mystic   Conj           #####...     1%          4    ####...
s - Conjure Flame         Conj/Fire      ####....     1%          3    ###....
x - Searing Ray           Conj           #####.       1%          2    None
z - Iskenderun's Battles  Conj/Chrm      #####...     1%          4    ####...


Dungeon Overview and Level Annotations

Branches:
Dungeon (12/16) Temple (1/1) D:6 Orc (0/4) D:8 Lair (0/8) D:10 D:11

Altars:
Ashenzari
Cheibriados
Elyvilon
Fedhas
Kikubaaqudgha
Makhleb
Nemelex Xobeh
Okawaru
Sif Muna
Trog
Vehumet
Xom
Yredelemnul
Zin
the Shining One

Shops:
D:4 [

Portals:
Trove: D:10 (give +4,+6 demon blade)
Ice
Cave: D:12


Innate Abilities, Weirdness & Mutations

You heal slowly.
You can bottle blood from corpses.
You have razor-sharp teeth.*
You have supernaturally acute eyesight.
You can survive without breathing.*


Message History

The ice beast hits you but does no damage.
The sky beast zombie hits you.
The ice beast hits you but does no damage.
The yak gores you. The ice beast hits you.
* * * LOW HITPOINT WARNING * * *
The ice beast freezes you. You resist.
* * * LOW HITPOINT WARNING * * *
The ice beast hits you but does no damage.
The yak gores you but does no damage. The ice beast hits you.
* * * LOW HITPOINT WARNING * * *
The ice beast freezes you. You resist.
* * * LOW HITPOINT WARNING * * *
The ice beast hits you.
* * * LOW HITPOINT WARNING * * *
The ice beast freezes you. You resist.
* * * LOW HITPOINT WARNING * * *
The sky beast zombie hits you but does no damage.
The yak gores you!
You die...

.....#...............,,*
......................,*
.%....................,*
....................####
....$..................#
........$.....G........#
.K...%$........Y.......#
.#...#.......KKYYI..##**
#....#...#...KII@YI..#*
#....#...#...YYZIII...#
#...##........###.....#
########......# *..∩.I#
#...#### *.....# #####
*.....# *#####*


You could see 6 yaks, 8 ice beasts, a giant eyeball, a sky beast zombie and 3
kobolds.

Vanquished Creatures
  Fannar (D:11)
  Urug (D:11)
  2 hill giants
  Joseph (D:11)
  A cyclops (D:11)
  Maurice (D:11)
  An octopode (D:9)
  A spriggan (D:9)
  Grinder (D:5)
  A troll (D:10)
  Prince Ribbit (D:8)
  A basilisk (D:11)
  A wyvern (D:6)
  Eustachio (D:7)
  A manticore (D:11)
  A hill giant skeleton (D:9)
  A yellow wasp (D:12)
  4 ice beasts
  6 orc warriors
  A black bear (D:9)
  2 centaurs
  A phantom (D:6)
  4 boring beetles (D:10)
  Duvessa (D:7)
  A water moccasin (D:10)
  6 giant frogs
  3 ogres
  A komodo dragon zombie (D:10)
  Blork the orc (D:7)
  A wyvern zombie (D:12)
  A cyclops skeleton (D:11)
  A yak zombie (D:8)
  17 killer bees
  8 wights
  An electric eel (D:9)
  A goliath beetle (D:12)
  2 crimson imps
  2 giant frog zombies
  Dowan (D:7)
  6 scorpions
  3 hounds
  A giant frog skeleton (D:7)
  3 iguanas
  6 orc priests
  10 orc wizards
  A sky beast zombie (D:5)
  4 sheep (D:11)
  8 worker ants
  A mottled dragon skeleton (D:11)
  A mummy (D:11)
  10 adders
  3 giant centipedes
  7 giant mites
  6 worms
  A giant centipede zombie (D:8)
  2 giant eyeballs
  3 oozes
  3 giant geckos
  34 orcs
  13 bats
  11 giant cockroaches
  13 goblins
  18 hobgoblins
  18 jackals
  11 kobolds
  4 quokkas
  4 ball pythons
  7 giant newts
  2 giant spores
  A hobgoblin skeleton (D:7)
  A hobgoblin zombie (D:7)
  27 rats
  A rat skeleton (D:4)
328 creatures vanquished.

Vanquished Creatures (collateral kills)
  2 killer bees (D:12)
2 creatures vanquished.

Vanquished Creatures (others)
  An electric eel (D:9)
1 creature vanquished.

Grand Total: 331 creatures vanquished

Notes
Turn   | Place    | Note
--------------------------------------------------------------
     0 | D:1      | PolkaDot, the Vampire Conjurer, began the quest for the Orb.
     0 | D:1      | Reached XP level 1. HP: 13/13 MP: 4/4
   403 | D:1      | Reached XP level 2. HP: 11/19 MP: 1/5
  1040 | D:2      | Found a glowing golden altar of the Shining One.
  1086 | D:2      | Learned a level 2 spell: Searing Ray
  1114 | D:2      | Reached XP level 3. HP: 8/24 MP: 0/6
  1302 | D:2      | Found a basalt altar of Yredelemnul.
  1348 | D:2      | Reached skill level 4 in Conjurations
  1591 | D:2      | Reached XP level 4. HP: 30/30 MP: 5/8
  3232 | D:3      | Reached XP level 5. HP: 26/35 MP: 5/9
  3507 | D:4      | Noticed an ogre
  3517 | D:4      | Killed an ogre
  3517 | D:4      | Reached skill level 5 in Conjurations
  3599 | D:4      | Learned a level 4 spell: Iskenderun's Battlesphere
  3624 | D:4      | Found a white marble altar of Elyvilon.
  3670 | D:5      | Entered Level 5 of the Dungeon
  3678 | D:5      | Noticed an ogre
  3704 | D:5      | Killed an ogre
  3704 | D:5      | Reached skill level 1 in Charms
  3704 | D:5      | Reached XP level 6. HP: 41/41 MP: 7/12
  3742 | D:5      | Found a shimmering altar of Xom.
  3941 | D:5      | Somebody: Hi. Coming to think of it — rings of hunger can actually be useful to vampires, if they want to become bloodless faster.
  4013 | D:5      | PolkaDot: Yep
  4013 | D:5      | PolkaDot: I like to keep one on me for stabby runs
  4165 | D:5      | Reached XP level 7. HP: 30/46 MP: 1/13
  4254 | D:5      | Noticed Grinder
  4254 | D:5      | Paralysed by Grinder for 2 turns
  4288 | D:5      | Killed Grinder
  4288 | D:5      | Reached skill level 6 in Conjurations
  4640 | D:5      | Somebody: You are going Sif Muna, I imagine?
  4643 | D:5      | PolkaDot: Dunno yet
  4643 | D:5      | PolkaDot: If I hit a Sif altar in the dungeon, definitely
  4643 | D:5      | Somebody: :)
  4643 | D:5      | PolkaDot: if I get ot temple and have to choose... Who knows, but probably Veh
  4725 | D:5      | Somebody: I can stay around for a few more minutes, so that won't be a problem.
  4976 | D:6      | Found a staircase to the Ecumenical Temple.
  5037 | Temple   | Entered the Ecumenical Temple
  5121 | Temple   | Somebody: Huh.
  5121 | Temple   | PolkaDot: ... Ehhhh
  5121 | Temple   | PolkaDot: Eeny meeny miny mo ^^
  5121 | Temple   | Somebody: I guess you *will* find Sif Muna's altar in the Dungeon.
  5121 | Temple   | Somebody: ...one way or the other. :)
  5127 | Temple   | Somebody: Or, wait, it's here, I missed it.
  5127 | Temple   | PolkaDot: I'll go Wz next time I die and then go sif
  5127 | Temple   | PolkaDot: easier to build the skills to lean the book gifts
  5127 | Temple   | Somebody: Suit yourself.
  5127 | Temple   | PolkaDot: :3
  5127 | Temple   | Became a worshipper of Vehumet
  5251 | D:6      | Somebody: A quarterstaff.
  5254 | D:6      | PolkaDot: 'naff apts for it though
  5255 | D:6      | Somebody: You are not really a stabber anymore, with that amount of noise, so might use that.
  5255 | D:6      | PolkaDot: True
  5365 | D:6      | Noticed a wyvern
  5378 | D:6      | Killed a wyvern
  5378 | D:6      | Reached skill level 7 in Conjurations
  5378 | D:6      | Reached XP level 8. HP: 18/52 MP: 6/15
  5759 | D:4      | Somebody: Good luck, see you around.
  5763 | D:4      | PolkaDot: traa~
  5907 | D:4      | Found Klajijei's Antique Armour Emporium.
  5917 | D:4      | Bought a pair of runed boots for 33 gold pieces
  5920 | D:4      | PolkaDot: ohhh, beautiful
  5921 | D:4      | Somebody: Well, I have secretely hoped it would be running, but fine.
  5921 | D:4      | PolkaDot: Running is better in general
  6025 | D:4      | Somebody: ...get a polearm, just in case? Oh, you are a conjurer.
  6030 | D:4      | Learned a level 4 spell: Iskenderun's Mystic Blast
  6041 | D:4      | Somebody: ...really, you might want to change weapons at that point.
  6041 | D:4      | PolkaDot: I'm not decided on a base weapon
  6041 | D:4      | PolkaDot: Figure that'll come later
  6066 | D:4      | Somebody: Sure, good luck.
  6631 | D:7      | Reached skill level 5 in Charms
  6660 | D:7      | Acquired Vehumet's first power
  6660 | D:7      | Offered knowledge of Sting by Vehumet.
  7051 | D:7      | Noticed Dowan
  7052 | D:7      | Noticed Duvessa
  7076 | D:7      | Killed Dowan
  7106 | D:7      | Killed Duvessa
  7367 | D:7      | Reached skill level 8 in Conjurations
  7542 | D:7      | Noticed Blork the orc
  7549 | D:7      | Killed Blork the orc
  7672 | D:7      | Found an iron altar of Okawaru.
  7681 | D:7      | Noticed Eustachio
  7747 | D:7      | Killed Eustachio
  7747 | D:7      | Reached XP level 9. HP: 57/57 MP: 6/17
  8006 | D:8      | Noticed a hill giant
  8012 | D:8      | Killed a hill giant
  8013 | D:8      | Offered knowledge of Freeze by Vehumet.
  8361 | D:8      | Noticed Prince Ribbit
  8377 | D:8      | Killed Prince Ribbit
  8634 | D:8      | Found a shattered altar of Ashenzari.
  8753 | D:8      | Offered knowledge of Conjure Flame by Vehumet.
  8758 | D:8      | Learned a level 3 spell: Conjure Flame
  8781 | D:8      | Reached skill level 9 in Conjurations
  8891 | D:8      | Found a staircase to the Orcish Mines.
  8997 | D:8      | Found a blossoming altar of Fedhas.
  9028 | D:8      | Acquired Vehumet's second power
  9170 | D:8      | Reached XP level 10. HP: 51/63 MP: 14/22
  9339 | D:8      | Offered knowledge of Olgreb's Toxic Radiance by Vehumet.
  9416 | D:9      | Somebody: I said, "I definitely need to change a few things in my rc file to better handle chunks, or this will be the end of me".
  9416 | D:9      | PolkaDot: heh
  9416 | D:9      | PolkaDot: fair enough
  9416 | D:9      | Somebody: ...but then, I realized that you won't be able to read it, after I save and quit.
  9416 | D:9      | Somebody: I'll watch how you play for a bit.
  9416 | D:9      | PolkaDot: I saw enough to know what you meant :p
  9416 | D:9      | PolkaDot: 'kay
  9503 | D:9      | Paralysed by a giant eyeball for 4 turns
  9718 | D:9      | Found an ancient bone altar of Kikubaaqudgha.
  9735 | D:9      | Acquired Vehumet's third power
  9768 | D:9      | Noticed an octopode
  9770 | D:9      | Somebody: Ouch.
  9771 | D:9      | PolkaDot: quite
  9771 | D:9      | PolkaDot: ... shouldn't have done that
  9771 | D:9      | PolkaDot: FLEE
  9771 | D:9      | Somebody: cBlink?
  9771 | D:9      | Somebody: Next blast of electricity might quite likely kill you.
  9771 | D:9      | PolkaDot: Prefer fog, but alas
  9771 | D:9      | Somebody: Right.
  9791 | D:9      | Killed an octopode
  9935 | D:9      | Somebody: Strange time to cBlink, but good thinking.
  9942 | D:9      | Somebody: Nice.
 10038 | D:9      | Somebody: You look elegant enough in that apparel.
 10043 | D:9      | PolkaDot: Absolutely dashing ;p
 10082 | D:9      | Somebody: Almost as good as Eustachio. Do you have any strange ideas about hounour already?
 10082 | D:9      | PolkaDot: xD
 10082 | D:9      | PolkaDot: nonono
 10082 | D:9      | Somebody: Fun ideas.
 10103 | D:9      | Somebody: Strange ideas are, like, "Summoning is fun!"
 10107 | D:9      | PolkaDot: It is
 10107 | D:9      | PolkaDot: just not for the opponent :p
 10125 | D:9      | Somebody: I think I'll play as DESm, then.
 10136 | D:9      | Somebody: Never done that for the last three versions.
 10136 | D:9      | PolkaDot: Can't offer any help there
 10136 | D:9      | PolkaDot: I tried it once
 10136 | D:9      | PolkaDot: was rerrible
 10136 | D:9      | PolkaDot: terrible*
 10136 | D:9      | PolkaDot: I can see how it'd be fu though
 10431 | D:9      | Noticed a moth of wrath
 10433 | D:9      | Found a bloodstained altar of Trog.
 10473 | D:9      | Somebody: Good find.
 10473 | D:9      | Somebody: It is going to be better now, when it is capped.
 10473 | D:9      | Somebody: ...more diversity.
 10473 | D:9      | PolkaDot: Also less damage
 10473 | D:9      | PolkaDot: which is good
 10473 | D:9      | PolkaDot: because I should not be meleeing so much ^^;
 10473 | D:9      | PolkaDot: I forgot to NOT TAB things
 10473 | D:9      | PolkaDot: forget*
 10506 | D:9      | Somebody: :)
 10511 | D:9      | PolkaDot: Steam. It's useful
 10528 | D:9      | Offered knowledge of Mephitic Cloud by Vehumet.
 10559 | D:9      | Learned a level 3 spell: Mephitic Cloud
 10648 | D:10     | Entered Level 10 of the Dungeon
 10651 | D:10     | Somebody: Ohh, Immolation.
 10652 | D:10     | Somebody: Why don't you pick those up?
 10658 | D:10     | Somebody: They are exceedinly useful, situationaly.
 10681 | D:10     | PolkaDot: Habit
 10681 | D:10     | Somebody: Like, when I've killed two orc knights in the bailey at XL9. :)
 10681 | D:10     | PolkaDot: I probably should, now I kill things from far away sometimes
 10681 | D:10     | PolkaDot: As a stabber, it was like, "no. Explosion bad >.>"
 10693 | D:10     | Somebody: They are very good like that.
 10693 | D:10     | Somebody: You should see one of my replays.
 10693 | D:10     | Somebody: If only I can remember how to find the correct one...
 10693 | D:10     | PolkaDot: xD
 10945 | D:10     | PolkaDot: I think Lair may be on this level
 10945 | D:10     | PolkaDot: damn beetles
 10945 | D:10     | Found a staircase to the Lair.
 11069 | D:10     | Reached skill level 10 in Conjurations
 11220 | D:10     | PolkaDot: scrolls of uselessness amuse me :D
 11241 | D:10     | Somebody: I won't be able to show it to you. It was too long ago and I did not save the link.
 11262 | D:10     | Somebody: Yes, me too.
 11280 | D:10     | PolkaDot: Aww, nvm
 11285 | D:10     | Noticed a hill giant
 11299 | D:10     | Reached skill level 1 in Air Magic
 11305 | D:10     | Somebody: Well, I can tell it to you like a story.
 11307 | D:10     | Killed a hill giant
 11307 | D:10     | Reached skill level 10 in Charms
 11308 | D:10     | PolkaDot: :£
 11308 | D:10     | PolkaDot: :3
 11314 | D:10     | Somebody: Once, there was a DENe with a moderate quantity of zombie minions in the middle-depth Dungeon.
 11412 | D:10     | Somebody: He wanted to make a stash.
 11464 | D:10     | Somebody: There were no appropriate places, so I decided to dig a tunnel into the wall.
 11699 | D:10     | Somebody: Next thing I know, I am one tile away from the gigantic room full to brim with orcs, including several priests and a knight of two.
 11699 | D:10     | PolkaDot: oh, nasty
 11704 | D:10     | Somebody: I used Immolation, but something died this very turn...
 11716 | D:10     | Found a portal to a secret trove of treasure.
 11789 | D:10     | Somebody: Almost all of the orc died, but I was standing in a cloud of flame with 12 HP and an orc knight next to me, burdened.
 11801 | D:11     | Somebody: Some of my minions have stood in clouds of flame, too. They were filled with inner flame *and* beefy.
 11801 | D:11     | Somebody: Somehow, I survived all this with no rF.
 11801 | D:11     | Somebody: It was graphic, I'll find it sometime.
 11801 | D:11     | PolkaDot: Sounds pretty epic :D
 11809 | D:11     | Noticed a cyclops
 11875 | D:11     | Somebody: I did not win that character, unfortunately.
 11889 | D:11     | PolkaDot: He died a legend after that though ;p
 11889 | D:11     | PolkaDot: bet the Orcs had tales of this monster that drowns room fulls of orc at a time in sweeping explody flmaes!
 11889 | D:11     | Somebody: Somehow, a lot of people discussed it, but noone saved a link for the TV.
 11895 | D:11     | PolkaDot: xD
 11895 | D:11     | PolkaDot: silly mooses
 11913 | D:11     | Noticed Fannar
 11930 | D:11     | Somebody: Why do you have that title again?
 11930 | D:11     | Killed Fannar
 11930 | D:11     | Reached XP level 11. HP: 50/68 MP: 10/23
 11931 | D:11     | PolkaDot: Conjurer?
 11931 | D:11     | Somebody: It was Infuser a second ago.
 11931 | D:11     | PolkaDot: Ah
 11931 | D:11     | PolkaDot: Because charms
 11931 | D:11     | PolkaDot: It'll probably be Cloud Mage when Air catches up
 11935 | D:11     | Somebody: Good luck, I'll be back to my rc file.
 11943 | D:11     | PolkaDot: 'kay
 11943 | D:11     | PolkaDot: enjoy :3
 12107 | D:11     | Somebody: Good luck. Don't die.
 12111 | D:11     | Somebody: :)
 12111 | D:11     | PolkaDot: I'll try not to
 12111 | D:11     | PolkaDot: But you've seen how recjless I can be... >.>
 12111 | D:11     | PolkaDot: EELS HURT
 12197 | D:11     | Noticed Urug
 12203 | D:11     | Somebody: You should probably stash your good scrolls someplace safe.
 12208 | D:11     | Killed Urug
 12208 | D:11     | Reached skill level 5 in Air Magic
 12210 | D:11     | PolkaDot: Yeah
 12210 | D:11     | PolkaDot: firey things are bad
 12345 | D:11     | Somebody: Given no rF and Conservation.
 12440 | D:11     | Somebody: See you.
 12447 | D:11     | PolkaDot: \o
 12484 | D:11     | Killed a cyclops
 12591 | D:11     | Noticed Maurice
 12599 | D:11     | Killed Maurice
 12648 | D:11     | Found a staircase to the Lair.
 12677 | D:11     | Noticed Joseph
 12696 | D:11     | Killed Joseph
 12979 | D:11     | Got a smoking wooden ring
 13387 | D:12     | Found a frozen archway.
 13391 | D:12     | Paralysed by a giant eyeball for 4 turns
 13394 | D:12     | Slain by a yak

Action                   |  1- 3 |  4- 6 |  7- 9 | 10-12 || total
-------------------------+-------+-------+-------+-------++-------
Melee: Short sword       |    30 |       |       |       ||    30
       Dagger            |    48 |   207 |    86 |       ||   341
       Sabre             |       |       |    57 |    43 ||   100
 Cast: Magic Dart        |    32 |     4 |    42 |    25 ||   103
       Searing Ray       |     4 |    17 |    66 |    63 ||   150
       Iskenderun's Batt |       |       |    10 |    25 ||    35
       Iskenderun's Myst |       |       |     3 |    24 ||    27
       Conjure Flame     |       |       |       |    11 ||    11
       Mephitic Cloud    |       |       |       |    10 ||    10
 Abil: Evoke Flight      |       |       |     1 |       ||     1
       Bottle Blood      |       |       |     8 |     1 ||     9
Evoke: Wand              |       |       |     4 |     4 ||     8
  Use: Scroll            |       |     1 |    14 |    18 ||    33
       Potion            |       |       |     6 |     3 ||     9
 Stab: Sleeping          |     5 |     6 |    11 |     4 ||    26
       Distracted        |       |     1 |       |       ||     1
       Paralysed         |       |       |     1 |       ||     1
